AoeStats
← kikecoaster

Arena

509186398Analyzed
1v1 RM · 6d ago on Sep 25, 2026· 69m 50s· 2 players
Game mode
Random Map
Map size
Tiny (2 player)
Population
200
Speed
Normal
Resources
Standard
Victory
Conquest
Starting age
Dark Age
Ending age
Imperial Age
RankedLock teamsTeams togetherTeam positionsShared explorationLock speedFull tech treeHidden civsTurbo modeCheats
Victory
Defeat
🇺🇸 Vikings · United States
547
+18
🇪🇸 Vietnamese · Spain
595
-18
Cbear
3:00 Loom
12:25 Feudal Age
13:08 Horse Collar
13:16 Double-Bit Axe
22:37 Castle Age
21:16 Stone Mining
24:04 Heavy Plow
31:25 Imperial Age
28:58 Elite Skirmisher
30:54 Bow Saw
31:45 Gold Mining
33:02 Crop Rotation
33:10 Conscription
34:27 Gold Shaft Mining
36:00 Fortified Wall
36:16 Ballistics
37:07 Chemistry
35:59 Elite Berserk
36:23 Crossbowman
36:42 Pikeman
38:12 Town Watch
37:56 Capped Ram
38:45 Padded Archer Armor
38:45 Scale Mail Armor
38:56 Forging
40:23 Two-Man Saw
39:47 Fletching
40:34 Chieftains
42:38 Chain Mail Armor
42:58 Iron Casting
42:36 Squires
46:19 Plate Mail Armor
48:06 Blast Furnace
47:02 Bodkin Arrow
47:22 Leather Archer Armor
48:35 Arson
52:54 Town Patrol
53:08 Man-at-Arms
53:45 Long Swordsman
54:47 Two-Handed Swordsman
57:32 Champion
62:55 Siege Ram
kikecoaster
11:21 Feudal Age
12:25 Horse Collar
12:31 Double-Bit Axe
13:34 Wheelbarrow
18:32 Castle Age
16:34 Gold Mining
18:09 Stone Mining
19:26 Bow Saw
19:19 Heavy Plow
19:53 Hand Cart
19:10 Elite Skirmisher
30:08 Imperial Age
27:26 Town Watch
27:34 Fletching
27:55 Forging
29:49 Bodkin Arrow
30:30 Iron Casting
31:23 Stone Shaft Mining
30:53 Bracer
30:17 Imperial Skirmisher
30:19 Pikeman
33:09 Town Patrol
34:15 Chemistry
33:36 Ballistics
33:12 Murder Holes
34:46 Padded Archer Armor
34:51 Scale Barding Armor
37:05 Two-Man Saw
36:24 Leather Archer Armor
38:28 Paper Money
41:47 Elite Rattan Archer
43:55 Guard Tower
44:17 Fortified Wall
44:28 Elite Battle Elephant
52:31 Chain Barding Armor
53:11 Hoardings
60:02 Chatras
60:54 Thumb Ring
60:09 Crossbowman
63:13 Loom
Connection lost

Rejoining the realm…

Still unreachable

The connection could not be restored.

Session expired

The server has moved on; the page needs a fresh start.